 Dungeon Crawl Stone Soup version 0.15.2 (webtiles) character file.

161 magipi the Chopper (level 5, -12/44 HPs)
             Began as a Hill Orc Gladiator on May 30, 2016.
             Mangled by an ogre
             ... wielding a +0 giant club
              (21 damage)
             ... on Level 4 of the Dungeon.
             The game lasted 00:11:35 (2234 turns).

magipi the Chopper (Hill Orc Gladiator)             Turns: 2234, Time: 00:11:36

HP -12/44        AC  6     Str 18      XL: 5   Next: 42%
MP   5/5         EV 10     Int  8      God:
Gold 126         SH  0     Dex 12      Spells:  0 memorised,  4 levels left

rFire  . . .     SeeInvis .     a - +0 war axe
rCold  . . .     Clarity  .     v - +0 ring mail
rNeg   . . .     rCorr    .     (no shield)
rPois  .         rRot     .     c - +0 helmet
rElec  .         Spirit   .     (no cloak)
SustAb .         Warding  .     (no gloves)
rMut   .         Stasis   .     (no boots)
Gourm  .                        i - amulet of faith
MR     .....                    (no ring)
                                b - ring of teleport control

@: not resistant to hostile enchantments, very unstealthy
A: no striking features
a: Evoke Teleport Control


You were on level 4 of the Dungeon.
You were not hungry.

You visited 1 branch of the dungeon, and saw 4 of its levels.

You collected 126 gold pieces.

Inventory:

Hand weapons
 a - a +0 war axe (weapon)
Missiles
 k - 3 curare-tipped needles
 n - 14 poisoned needles
Armour
 c - a +0 helmet (worn)
 v - a +0 ring mail (worn)
Comestibles
 f - a meat ration
 m - a slice of pizza
Scrolls
 h - a scroll of random uselessness {unknown}
 j - 3 scrolls of identify
 p - a scroll of blinking {unknown}
 q - a scroll of immolation {unknown}
 r - a scroll of remove curse {unknown}
 w - a scroll of amnesia {unknown}
 x - a scroll of magic mapping {unknown}
Jewellery
 b - a ring of teleport control (left hand)
 i - an amulet of faith (around neck)
Potions
 e - a potion of confusion {unknown}
 g - a potion of porridge
 l - a potion of degeneration {unknown}
 o - 2 potions of haste
 s - a potion of magic {unknown}
 t - a potion of curing {unknown}
 u - a potion of restore abilities {unknown}


   Skills:
 - Level 2.8 Fighting
 + Level 6.3 Axes
 - Level 3.0 Throwing
 - Level 0.4 Armour
 - Level 3.0 Dodging


You had 4 spell levels left.
You didn't know any spells.

Dungeon Overview and Level Annotations

Branches:
Dungeon (4/15)
 Temple: D:4-7

Altars:

Annotations:
D:3 magipi's ghost, weakling SpBe

Vault maps used:
D:1:      dpeg_arrival_oval, patterned_corridor
D:2:      minmay_misc_feat_diagonals, serial_bayou_crossing
D:3:      lemuel_castle_with_subvaults, kennysheep_generic_room_10
D:4:      first_bread, mrwooster_statue_mirror, grunt_ministairs_12,
          uniq_duvessa


Message History

The bat hits you but does no damage.
Found a scroll labeled GOXIGI FENLID.
The bat closely misses you.
You see here a scroll labeled GOXIGI FENLID.
Unknown command.
r - a scroll labeled GOXIGI FENLID The bat hits you but does no damage.
The bat hits you but does no damage.
There is an open door here.
You close the door.
Found an escape hatch in the ceiling.
You are feeling very hungry.
There is an escape hatch in the ceiling here.
You see here a trident.
Found 20 stones.
You see here 20 stones.
Found a scroll labeled ETRIGO SHRED.
A bat comes into view.
You see here a scroll labeled ETRIGO SHRED.
You hit the bat but do no damage. The bat hits you but does no damage.
x - a scroll labeled ETRIGO SHRED An ooze comes into view.
The ooze quivers.
You slash the bat!
You kill the bat!
The ooze hits you but does no damage.
You slash the ooze!
You kill the ooze!
Eat which item? (? for menu, Esc to quit)
You continue eating.
You finish eating.
Mmm...
Mushroom.
Found a runed quarterstaff.
Found a stone staircase leading down.
A jackal and 2 gnolls come into view.
The gnoll shouts! x2
The jackal barks!
Found a scroll of identify.
A jackal and a gnoll come into view.
The jackal closely misses you.
You hit the jackal but do no damage. The jackal closely misses you.
You closely miss the jackal. The jackal bites you. The jackal bites you.
You slash the jackal!
You kill the jackal!
You barely miss the gnoll. The gnoll hits you with a club.
You closely miss the gnoll. The gnoll hits you with a club.
You slash the gnoll!
You kill the gnoll!
Things that are here:
a club; a gnoll corpse
Found 22 stones.
You see here 22 stones.
Found a robe.
j - 3 scrolls of identify (gained 1)
The jackal barks!
You hit the jackal.
You kill the jackal!
There is a stone staircase leading down here.
You climb downwards.
An ogre comes into view. It is wielding a giant club.
The ogre shouts!
Found 17 gold pieces.
There is a stone staircase leading up here.
Throwing (i - inventory):
d - 2 throwing nets (quivered)
Press: ? - help, Shift-Dir - straight line, f - ogre
Aim: an ogre, wielding a giant club You throw a throwing net.
The throwing net barely misses the ogre.
The ogre hits you but does no damage.
Throwing (i - inventory):
d - a throwing net (quivered)
Press: ? - help, Shift-Dir - straight line, f/p - ogre
Aim: an ogre, wielding a giant club You throw a throwing net.
The throwing net barely misses the ogre.
The ogre closely misses you.
You slash the ogre!
The ogre is heavily wounded.
You hit the ogre.
The ogre is severely wounded.
The ogre hits you with a giant club!!
You hit the ogre.
The ogre is severely wounded.
The ogre hits you with a giant club.
Unknown command.
Drink which item? (? for menu, Esc to quit)
Okay, then.
You aren't carrying any items that can be evoked.
Unknown command.
Unknown command.
You barely miss the ogre.
The ogre is severely wounded.
The ogre hits you with a giant club!
* * * LOW HITPOINT WARNING * * *
You barely miss the ogre.
The ogre is severely wounded.
The ogre misses you.
Unknown command.
You barely miss the ogre.
The ogre is severely wounded.
The ogre hits you with a giant club!!
You die...

#.#
#.#
#.#
.(.
#.#
#.#
#.#
#O#
#@#
#.#
###


You could see an ogre.

Table legend:
 A = Kills in this place as a percentage of kills in entire the game.
 B = Kills by you in this place as a percentage of kills by you in the entire game.
 C = Kills by friends in this place as a percentage of kills by friends in the entire game.
 D = Other kills in this place as a percentage of other kills in the entire game.
 E = Experience gained in this place as a percentage of experience gained in the entire game.
 F = Experience gained in this place divided by the number of levels of this place that you have seen.
                   A       B       C       D       E      F
               +-------+-------+-------+-------+-------+----------------------
         Total | 100.0 | 100.0 |  -nan |  -nan | 100.0 |  57.8
       Dungeon | 100.0 | 100.0 |  -nan |  -nan | 100.0 |  57.8
               +-------+-------+-------+-------+-------+----------------------

Vanquished Creatures
  An orc priest (D:3)
  2 gnolls
  4 adders
  A giant mite (D:3)
  2 giant geckos (D:2)
  3 oozes
  4 orcs
  A ball python (D:3)
  5 hobgoblins
  10 jackals
  6 kobolds
  A quokka (D:2)
  7 bats
  2 giant newts
  11 goblins
  3 rats
63 creatures vanquished.

Notes
Turn   | Place    | Note
--------------------------------------------------------------
     0 | D:1      | magipi, the Hill Orc Gladiator, began the quest for the Orb.
     0 | D:1      | Reached XP level 1. HP: 18/18 MP: 1/1
    57 | D:1      | Reached XP level 2. HP: 16/25 MP: 2/2
   437 | D:1      | Reached XP level 3. HP: 28/30 MP: 3/3
  1047 | D:2      | Reached XP level 4. HP: 23/37 MP: 4/4
  1229 | D:2      | Reached skill level 5 in Axes
  1586 | D:3      | Reached skill level 6 in Axes
  1586 | D:3      | Reached XP level 5. HP: 41/44 MP: 5/5
  1693 | D:3      | Noticed magipi's ghost (weakling SpBe)
  2226 | D:4      | Noticed an ogre
  2234 | D:4      | Mangled by an ogre

Action                   |  1- 3 |  4- 6 || total
-------------------------+-------+-------++-------
Melee: War axe           |    91 |    98 ||   189
Throw: Throwing net      |     3 |     2 ||     5
  Use: Scroll            |       |     3 ||     3
  Eat: Chunk             |       |     3 ||     3
       Pizza             |       |     1 ||     1

Action                   |  1- 3 |  4- 6 || total
-------------------------+-------+-------++-------
Melee: War axe           |    91 |    98 ||   189
Throw: Throwing net      |     3 |     2 ||     5
  Use: Scroll            |       |     3 ||     3
  Eat: Chunk             |       |     3 ||     3
       Pizza             |       |     1 ||     1

Action                   |  1- 3 |  4- 6 || total
-------------------------+-------+-------++-------
Melee: War axe           |    91 |    98 ||   189
Throw: Throwing net      |     3 |     2 ||     5
  Use: Scroll            |       |     3 ||     3
  Eat: Chunk             |       |     3 ||     3
       Pizza             |       |     1 ||     1
